 Dungeon Crawl Stone Soup version 0.22-b1-59-g0aedee7 (console) character file.

100 Goblin1989 the Chopper (level 4, -6/35 HPs)
             Began as a Demonspawn Chaos Knight on Aug 10, 2018.
             Killed by divine providence
             ... invoked by an orc priest
              (10 damage)
             ... on level 2 of the Dungeon.
             The game lasted 00:03:41 (2319 turns).

Goblin1989 the Chopper (Demonspawn Chaos Knight)    Turns: 2319, Time: 00:03:42

Health: -6/35      AC:  5    Str: 13    XL:     4   Next: 46%
Magic:  4/4        EV: 11    Int: 14    God:    Xom [.*....]
Gold:   101        SH:  0    Dex: 12    Spells: 3/3 levels left

rFire    . . .     SeeInvis .   a - +0 hand axe (chaos)
rCold    . . .     Gourm    .   (no shield)
rNeg     . . .     Faith    .   b - +2 leather armour
rPois    +         Spirit   .   (no helmet)
rElec    .         Reflect  .   (no cloak)
rCorr    .         Harm     .   (no gloves)
MR       .....                  (no boots)
Stlth    +.........             (no amulet)
HPRegen  0.11/turn              o - ring of poison resistance
MPRegen  0.09/turn              (no ring)

@: flying
A: demonic guardian 2, rot immunity
a: Renounce Religion


You were on level 2 of the Dungeon.
You worshipped Xom.
You were a plaything of Xom.
You were hungry.

You visited 1 branch of the dungeon, and saw 2 of its levels.

You collected 101 gold pieces.

Inventory:

Hand Weapons
 a - a +0 hand axe of chaos (weapon)
Missiles
 i - 16 poisoned needles
 n - 43 stones (quivered) {@Q3}
 p - 60 arrows
Armour
 b - a +2 leather armour (worn)
Jewellery
 o - a ring of poison resistance (left hand)
 r - a +4 ring of dexterity {unknown}
Scrolls
 f - a scroll of identify {unknown}
 g - a scroll of enchant armour {unknown}
 q - a scroll of fear {unknown}
Potions
 j - a potion of curing {unknown}
 k - 2 potions of flight
 l - a potion of brilliance {unknown}
 m - a potion of agility {unknown}
Comestibles
 e - 4 rations


   Skills:
 - Level 3.0 Fighting
 + Level 4.8 Axes
 - Level 1.7 Armour
 - Level 0.8 Dodging


You had 3 spell levels left.
You didn't know any spells.
Your spell library was empty.

Dungeon Overview and Level Annotations

Branches:
Dungeon (2/15)

Altars:
Nemelex Xobeh
Yredelemnul


Innate Abilities, Weirdness & Mutations

A demonic guardian rushes to your aid.
You are immune to rotting.


Message History

The bat hits you but does no damage. The bat barely misses you.
You slash the bat! You freeze the bat.
You kill the bat!
No target in view!
No target in view!
No target in view!
No target in view!
No target in view!
No target in view!
No target in view!
No target in view!
No target in view!
No target in view!
No target in view!
No target in view!
No target in view!
No target in view!
No target in view!
No target in view!
Key pressed, stopping explore.
Some of the chunks of flesh in your inventory have rotted away.
Some of the chunks of flesh in your inventory have rotted away.
Some of the chunks of flesh in your inventory have rotted away.
k - 3 bubbling coppery potions (gained 1)
e - 4 rations (gained 1)
Found a stone staircase leading up.
You now have 101 gold pieces (gained 8).
There is a stone staircase leading up here.
A rat comes into view.
A rat is nearby!
The rat misses you.
You hit the rat but do no damage. The rat bites you but does no damage.
The rat barely misses you.
You closely miss the rat. The rat bites you but does no damage.
You hit the rat but do no damage.
The rat's body glows momentarily.
The rat bites you but does no damage.
You closely miss the rat. The rat bites you.
You take 2 damage, and have 33/35 hp.
You slash the rat!
You kill the rat!
No target in view!
No target in view!
No target in view!
No target in view!
No target in view!
No target in view!
No target in view!
No target in view!
No target in view!
No target in view!
No target in view!
No target in view!
No target in view!
No target in view!
No target in view!
Some of the chunks of flesh in your inventory have rotted away.
Key pressed, stopping explore.
You see here a robe.
All of the chunks of flesh in your inventory have rotted away.
An orc comes into view.
The orc shouts!
You hear a shout! x3
You see here a shiny granite ring.
Health restored: 35 An orc is nearby!
An orc priest comes into view. It is wielding a club.
The orc priest invokes the aid of Beogh against you.
Beogh smites you!
You take 12 damage, and have 23/35 hp.
MASSIVE DAMAGE!!
An orc priest comes into view. It is wielding a dagger.
You hit the orc.
You feel better.
The orc is moderately wounded.
You are feeling hungry.
The orc priest invokes the aid of Beogh against you.
Beogh smites you! The orc hits you but does no damage.
Your ice devil hits the orc.
The orc dies!
You take 6 damage, and have 17/35 hp.
The orc priest completely misses your ice devil.
Your ice devil barely misses the orc priest.
The orc priest closely misses your ice devil.
Your ice devil barely misses the orc priest.
You see here a shiny granite ring.
An orc comes into view. It is wielding a club.
The orc priest invokes the aid of Beogh against you.
Beogh smites you!
* * * LOW HITPOINT WARNING * * *
You emit a cloud of colourful smoke!
Your ice devil hits the orc priest but does no damage.
You see here a shiny granite ring.
You take 15 damage, and have 3/35 hp.
MASSIVE DAMAGE!!
r - a shiny granite ring The orc priest barely misses your ice devil.
Your ice devil hits the orc priest.
Your ice devil freezes the orc priest!
The orc priest dies!
It was a potion of flight.
You feel very buoyant.
You fly up into the air.
The orc priest calls down the wrath of Beogh upon you.
Beogh smites you!
You die... █.█ █.█ █.█ █.█ █.█ █.█ ██o██

█.█ (.. █.█ █)█ █.█
█.█ █████.█
█§█████████████.....█
█§oo.4.@.[......█████


█████████████████ You could see an orc priest, an orc and a friendly ice devil.

Vanquished Creatures
  3 adders (D:2)
  An ooze (D:2)
  3 dart slugs (D:2)
  A leopard gecko (D:2)
  A giant cockroach (D:2)
  4 goblins
  4 hobgoblins
  7 jackals
  A kobold (D:2)
  A quokka (D:2)
  2 ball pythons (D:2)
  6 bats
  2 frilled lizards
  7 rats
43 creatures vanquished.

Vanquished Creatures (collateral kills)
  An orc priest (D:2)
  An orc (D:2)
2 creatures vanquished.

Grand Total: 45 creatures vanquished

Notes
Turn   | Place    | Note
-------+----------+-------------------------------------------
     0 | D:1      | Goblin1989 the Demonspawn Chaos Knight began the quest for the Orb.
     0 | D:1      | Reached XP level 1. HP: 18/18 MP: 1/1
    91 | D:1      | XOM: harmless Ice miscast
   110 | D:1      | Reached skill level 3 in Axes
   379 | D:1      | Gained mutation: A weak demonic guardian rushes to your aid. [demonic ancestry]
   379 | D:1      | Reached XP level 2. HP: 24/24 MP: 2/2
   487 | D:1      | XOM: harmless Summ miscast
  1435 | D:2      | XOM: noise
  1438 | D:2      | XOM: divination: magic mapping
  1444 | D:2      | Gained mutation: You are immune to rotting. [demonic ancestry]
  1444 | D:2      | Reached XP level 3. HP: 20/29 MP: 3/3
  1584 | D:2      | Found a basalt altar of Yredelemnul.
  1653 | D:2      | Reached skill level 4 in Axes
  1686 | D:2      | Found a sparkling altar of Nemelex Xobeh.
  1806 | D:2      | Gained mutation: A demonic guardian rushes to your aid. [demonic ancestry]
  1806 | D:2      | Reached XP level 4. HP: 25/35 MP: 4/4
  2312 | D:2      | XOM: smoke on damage
  2319 | D:2      | Killed from afar by an orc priest

Skill      XL: |  1  2  3 |
---------------+----------+-----
Axes           | 3 4 |  4.8
Fighting       | |  3.0
Armour         | |  1.7
Dodging        | |  0.8

Action                   |  1- 3 |  4- 6 || total
-------------------------+-------+-------++-------
Melee: Hand axe          |   105 |    43 ||   148
  Use: Potion            |       |     1 ||     1
 Stab: Paralysed         |     1 |       ||     1
       Confused          |     1 |       ||     1
  Eat: Chunk             |     3 |     1 ||     4
Armor: Leather armour    |    49 |    19 ||    68
Dodge: Dodged            |    60 |    45 ||   105

Vault maps used:
D:1:      nagdon_arrival_zigzag_paths
D:2:      nemelex_xobeh_ov_fountains_minmay, lemuel_crystal_altar
